 Dungeon Crawl Stone Soup version 0.22-b1-26-g9dbaab1112 (webtiles) character file.

199 Ramireus the Poker (level 5, -1/40 HPs)
             Began as a Merfolk Skald on Aug 9, 2018.
             Slain by an orc wizard
             ... wielding a +0 dagger
              (2 damage)
             ... on level 3 of the Dungeon.
             The game lasted 00:12:49 (3661 turns).

Ramireus the Poker (Merfolk Skald)                  Turns: 3661, Time: 00:12:50

Health: -1/40      AC:  4    Str: 11    XL:     5   Next: 77%
Magic:  8/8        EV: 13    Int: 13    God:
Gold:   148        SH:  0    Dex: 14    Spells: 4/8 levels left

rFire    . . .     SeeInvis .   a - +0 spear
rCold    . . .     Gourm    .   (no shield)
rNeg     + . .     Faith    .   b - +0 leather armour
rPois    .         Spirit   .   u - +0 helmet
rElec    .         Reflect  .   (no cloak)
rCorr    .         Harm     .   (no gloves)
MR       .....                  (no boots)
Stlth    +.........             (no amulet)
HPRegen  0.13/turn              c - ring of positive energy
MPRegen  0.11/turn              (no ring)

@: confused, very slightly contaminated
A: change form in water, swift swim, stealthy swim
a: no special abilities


You were on level 3 of the Dungeon.
You were very hungry.

You visited 1 branch of the dungeon, and saw 4 of its levels.

You collected 148 gold pieces.

Inventory:

Hand Weapons
 a - a +0 spear (weapon)
Armour
 b - a +0 leather armour (worn)
 u - a +0 helmet (worn)
Jewellery
 c - a ring of positive energy (left hand)
 o - an uncursed ring of stealth {unknown}
 q - an uncursed ring of protection from cold {unknown}
Scrolls
 f - a scroll of teleportation {unknown}
 g - 4 scrolls of enchant weapon {unknown}
 h - 3 scrolls of identify {unknown}
 i - 3 scrolls of remove curse {unknown}
 j - 2 scrolls of enchant armour {unknown}
 k - a scroll of immolation {unknown}
 l - a scroll of fear {unknown}
 s - a scroll of magic mapping {unknown}
 t - a scroll of amnesia {unknown}
 x - 2 scrolls of random uselessness {unknown}
Potions
 e - a potion of magic {unknown}
 m - a potion of degeneration {unknown}
 n - a potion of curing {unknown}
 p - a potion of invisibility
 r - a potion of flight {unknown}
 v - a potion of cancellation {unknown}
 w - a potion of resistance {unknown}
Comestibles
 d - 5 rations


   Skills:
 + Level 2.9 Fighting
 + Level 5.1 Polearms
 + Level 1.6 Armour
 * Level 4.2 Dodging
 + Level 2.2 Spellcasting
 * Level 4.1 Charms


You had 4 spell levels left.
You knew the following spells:

 Your Spells              Type           Power        Failure   Level  Hunger
a - Infusion              Chrm           ##..         6%          1    ##.....
b - Regeneration          Chrm/Necr      #.........   38%         3    ####...

Your spell library contained the following spells:

 Spells                   Type           Power        Failure   Level  Hunger
 Spider Form              Tmut/Pois      #.........   69%         3    ####...
 Blade Hands              Tmut           #.........   100%        5    ######.
 Ice Form                 Ice/Tmut       #.......     97%         4    #####..
 Sticks to Snakes         Tmut           #.......     45%         2    ###....
 Shroud of Golubria       Chrm/Tloc      #.........   22%         2    ###....
 Beastly Appendage        Tmut           #.....       32%         1    ##.....
 Song of Slaying          Chrm           ##......     9%          2    ###....
 Spectral Weapon          Hex/Chrm       #.......     38%         3    ####...


Dungeon Overview and Level Annotations

Branches:
Dungeon (4/15)
 Temple: D:4-7

Altars:
Ashenzari

Annotations:
D:2 Sigmund


Message History

The orc wizard casts a spell.
The orc wizard flickers and vanishes!
You flicker back into view.
You are confused.
You're too confused to move!
You feel less confused.
You are confused.
You bump into the rock wall.
You bump into the rock wall.
You bump into the rock wall.
You feel less confused.
You hear some strange, mumbled words.
You are confused.
You bump into the rock wall.
You bump into the rock wall.
Something hits you.
* * * LOW HITPOINT WARNING * * *
You bump into the rock wall.
Something hits you.
* * * LOW HITPOINT WARNING * * *
You bump into the rock wall.
Something hits you.
You die...

#####.#### # #........#
########## #........#
#........# #........#########
#........# #................#
#........# #####.#.########.#
#........# #.#.#......#.#
#........# #.#.#.####.#{#
#........# #.#.#.#.<#.#@#
#........# #.#.#.#.##.#[#
#........#
#.#.#.#.##.#'#######........#
#.#.#.#.##..........).......#
#.#.#.#.##.............######
#(#.#.#.##.((..(....รท..# #
#.#.#.#.##.............# #
#)#.#.#.##....(........# #
#.#.#.#................# #


There were no monsters in sight!

Vanquished Creatures
  A scorpion (D:4)
  Jessica (D:2)
  A worker ant (D:4)
  2 adders (D:3)
  An ooze (D:1)
  2 dart slugs (D:1)
  3 leopard geckos
  5 orcs
  A ball python (D:3)
  9 bats
  2 giant cockroaches (D:1)
  12 hobgoblins
  A quokka (D:3)
  4 frilled lizards
  6 goblins
  9 kobolds
  7 rats
67 creatures vanquished.

Notes
Turn   | Place    | Note
-------+----------+-------------------------------------------
     0 | D:1      | Ramireus the Merfolk Skald began the quest for the Orb.
     0 | D:1      | Reached XP level 1. HP: 16/16 MP: 3/3
    44 | D:1      | Reached XP level 2. HP: 9/22 MP: 0/5
   709 | D:1      | Reached XP level 3. HP: 14/28 MP: 6/6
  1380 | D:2      | Found a shattered altar of Ashenzari.
  1463 | D:2      | Noticed Jessica
  1477 | D:2      | Killed Jessica
  1477 | D:2      | Reached skill level 4 in Polearms
  1477 | D:2      | Reached skill level 1 in Armour
  1477 | D:2      | Reached XP level 4. HP: 8/34 MP: 4/7
  1744 | D:2      | Noticed Sigmund
  2550 | D:3      | Learned a level 3 spell: Regeneration
  2888 | D:3      | Reached XP level 5. HP: 17/39 MP: 2/8
  3574 | D:4      | Reached skill level 5 in Polearms
  3638 | D:3      | HP: 2/40 [orc wizard/magic dart (7)]
  3660 | D:3      | HP: 1/40 [something (3)]
  3661 | D:3      | Slain by an orc wizard

Skill      XL: |  1  2  3  4  5 |
---------------+----------------+-----
Dodging        | 3 4 |  4.2
Polearms       | 4 5 |  5.1
Armour         | 1 |  1.6
Charms         | 4 |  4.1
Fighting       | |  2.9
Spellcasting   | |  2.2

Action                   |  1- 3 |  4- 6 || total
-------------------------+-------+-------++-------
Melee: Spear             |   119 |   215 ||   334
 Cast: Infusion          |     4 |     3 ||     7
       Regeneration      |       |     1 ||     1
  Use: Potion            |       |     1 ||     1
 Stab: Sleeping          |     1 |       ||     1
       Invisible         |       |     1 ||     1
  Eat: Chunk             |     2 |     6 ||     8
Armor: Leather armour    |    16 |    41 ||    57
Dodge: Dodged            |    54 |   144 ||   198
